 Dungeon Crawl Stone Soup version 0.23.1-44-gbd83930989 (webtiles) character file.

Game seed: 9193989050456094651

37 Gargoyl the Skirmisher (level 3, 33/33 HPs)
             Began as a Centaur Abyssal Knight on Mar 30, 2019.
             Was an Initiate of Lugonu.
             Quit the game on level 1 of the Dungeon.
             The game lasted 00:01:02 (392 turns).

Gargoyl the Skirmisher (Centaur Abyssal Knight)      Turns: 392, Time: 00:01:02

Health: 33/33      AC:  4    Str: 14      XL:     3   Next: 23%
Magic:  4/4        EV:  9    Int: 11      God:    Lugonu [......]
Gold:   9          SH:  0    Dex:  6 (7)  Spells: 2/2 levels left

rFire    . . .     SeeInvis .   a - +1 hand axe
rCold    . . .     Gourm    .   (no shield)
rNeg     . . .     Faith    .   b - +0 leather armour
rPois    .         Spirit   .   (no helmet)
rElec    .         Reflect  .   (no cloak)
rCorr    .         Harm     .   (no gloves)
MR       .....                  (no barding)
Stlth    ..........             (no amulet)
HPRegen  0.11/turn              (no ring)
MPRegen  0.09/turn              (no ring)

@: very quick
A: large, hooves 3, clumsy 1, deformed body, speed 2, tough skin 3
a: Renounce Religion


You were on level 1 of the Dungeon.
You worshipped Lugonu.
Lugonu was noncommittal.
You were not hungry.

You visited 1 branch of the dungeon, and saw 1 of its levels.
You visited the Abyss 1 time.

You collected 9 gold pieces.

Inventory:

Hand Weapons
 a - a +1 hand axe (weapon)
Armour
 b - a +0 leather armour (worn)
Scrolls
 e - a scroll of teleportation {unknown}
Potions
 d - a potion of flight {unknown}
Comestibles
 c - a ration


   Skills:
 + Level 3.7 Fighting
 + Level 2.0 Axes
 * Level 1.6 Armour
 * Level 1.0 Dodging
 * Level 2.2 Invocations


You had 2 spell levels left.
You didn't know any spells.
Your spell library was empty.

Dungeon Overview and Level Annotations

Branches:
Dungeon (1/15)

Altars:


Innate Abilities, Weirdness & Mutations

You have hooves in place of feet.
Armour fits poorly on your strangely shaped body.
You cover ground very quickly.
You have extremely tough skin. (AC +3)
You are clumsy. (Dex -2)


Message History

Lugonu accepts your kill.
You hit the giant cockroach.
The giant cockroach is heavily wounded.
The giant cockroach barely misses you. x2
You hit the giant cockroach but do no damage.
The giant cockroach is heavily wounded.
The giant cockroach closely misses you.
You hit the giant cockroach.
You kill the giant cockroach!
Lugonu accepts your kill. The dart slug barely misses you.
You see here a +0 dagger.
You slash the dart slug! You kick the dart slug.
You kill the dart slug!
Lugonu accepts your kill.
You see here a dart slug corpse.
You now have 9 gold pieces.
A goblin comes into view. It is wielding a +0 dagger.
The goblin shouts!
Are you sure you want to abandon this character and quit the game? (Confirm with "yes".)

#########
#########.......#
#......##.#####.#
#.......#.#.# #.#
+.......#...# #.#
#.?.........# #.#
#..g..@.....# #.#
.............#
#.#
.....#.......#
#.#
.....#.......#
#.# ...
.........###.# ..
..............# .
+#.......######
.#.......#..
.#.......#.#


You could see a goblin.

Vanquished Creatures
  A quasit (Abyss:1)
  A dart slug (D:1)
  A giant cockroach (D:1)
  A goblin (D:1)
4 creatures vanquished.

Notes
Turn   | Place    | Note
-------+----------+-------------------------------------------
     0 | Abyss:1  | Gargoyl the Centaur Abyssal Knight began the quest for the
                  | Orb.
     0 | Abyss:1  | Reached XP level 1. HP: 19/19 MP: 2/2
   105 | Abyss:1  | Noticed an apocalypse crab
   142 | Abyss:1  | Noticed a quasit
   158 | Abyss:1  | Killed a quasit
   158 | Abyss:1  | Reached skill level 1 in Dodging
   158 | Abyss:1  | Reached XP level 2. HP: 18/27 MP: 3/3
   158 | Abyss:1  | Reached XP level 3. HP: 22/33 MP: 4/4
   158 | Abyss:1  | Noticed a large abomination
   172 | Abyss:1  | Noticed a soul eater
   173 | Abyss:1  | Noticed a neqoxec
   174 | Abyss:1  | Gained mutation: You are clumsy. (Dex -2) [a neqoxec]
   180 | Abyss:1  | Noticed a profane servitor
   181 | D:1      | Escaped the Abyss
   392 | D:1      | Quit the game

Skill      XL: |  1 |
---------------+----+-----
Axes           | 2 |  2.0
Dodging        | 1 |  1.0
Fighting       | |  3.7
Armour         | |  1.6
Invocations    | |  2.2

Action                   || total
-------------------------++-------
Melee: Hand axe          ||    16
       Kick              ||     2
Invok: Depart the Abyss  ||     1
  Use: Potion            ||     2
Armor: Leather armour    ||    36
Dodge: Dodged            ||    27
